 Dungeon Crawl Stone Soup version 0.22.1 (console) character file.

730 Kloppie the Ruffian (level 7, -2/72 HPs)
             Began as a Troll Monk on Sept 18, 2018.
             Was a Priest of Makhleb.
             Slain by a gnoll
             ... wielding a +0 halberd
              (12 damage)
             ... on level 4 of the Dungeon.
             The game lasted 00:06:27 (3022 turns).

Kloppie the Ruffian (Troll Monk)                    Turns: 3022, Time: 00:06:28

Health: -2/72      AC:  8    Str: 20    XL:     7   Next: 44%
Magic:  6/6        EV: 11    Int:  6    God:    Makhleb [***...]
Gold:   135        SH:  0    Dex: 14    Spells: 6/6 levels left

rFire    . . .     SeeInvis .     - Unarmed
rCold    . . .     Gourm    +   (no shield)
rNeg     . . .     Faith    .   a - +0 robe
rPois    .         Spirit   .   (helmet restricted)
rElec    .         Reflect  .   p - +2 cloak
rCorr    .         Harm     .   (gloves unavailable)
MR       .....                  (boots unavailable)
Stlth    ++........             (no amulet)
HPRegen  0.62/turn              (no ring)
MPRegen  0.10/turn              (no ring)

@: no status effects
A: large, unfitting armour, claws 3, fast metabolism 3, gourmand, regeneration
1, shaggy fur 1, tough skin 2
a: Minor Destruction, Lesser Servant of Makhleb, Renounce Religion


You were on level 4 of the Dungeon.
You worshipped Makhleb.
Makhleb was most pleased with you.
You were completely stuffed.

You visited 1 branch of the dungeon, and saw 4 of its levels.
You also visited: Sewer.

You collected 135 gold pieces.

Inventory:

Armour
 a - a +0 robe (worn)
 p - a +2 cloak (worn)
Wands
 c - a wand of polymorph (15)
Scrolls
 i - 3 scrolls of identify
 j - 2 scrolls of teleportation
 o - 2 scrolls of remove curse {unknown}
Potions
 d - a potion of haste {unknown}
 f - 2 potions of brilliance
 k - 2 potions of flight
 q - a potion of curing
Comestibles
 b - 7 rations
 l - 6 chunks of flesh


   Skills:
 + Level 5.4 Fighting
 + Level 3.8 Dodging
 - Level 1.0 Stealth
 - Level 5.4 Unarmed Combat


You had 6 spell levels left.
You didn't know any spells.
Your spell library was empty.

Dungeon Overview and Level Annotations

Branches:
Dungeon (4/15)
 Temple: D:4-7

Altars:
Elyvilon
Makhleb


Innate Abilities, Weirdness & Mutations

You are too large for most types of armour.
You have claws for hands.
Your metabolism is lightning-fast.
You like to eat raw meat.
Your natural rate of healing is unusually fast.
You are covered in fur. (AC +1)
You have very tough skin. (AC +2)


Message History

The gnoll hits you but does no damage.
The gnoll hits you from afar with a halberd.
* * * LOW HITPOINT WARNING * * *
The gnoll hits you but does no damage.
You feel less wooden.
Your +2 cloak unmelds from your body.
Your +0 robe unmelds from your body.
The The gnoll hits you from afar with a halberd.
* * * LOW HITPOINT WARNING * * *
The gnoll hits you but does no damage.
Things that are here:
a spear; a ring mail; a gnoll corpse You claw the gnoll!
The gnoll is severely wounded.
The gnoll hits you but does no damage. The gnoll hits you with a spear.
* * * LOW HITPOINT WARNING * * *
You mangle the gnoll!!
You kill the gnoll!
Makhleb accepts your kill.
You feel better. The gnoll hits you with a halberd!
You die...

.##.##.#.##.########.###
.#...#.#.##.# #.#
............# #.#
##...#.#.##.# #.# ##.##.#.##.#
#.# #......##.##### #.#
####...##.#~~~ ~~~
###.#.##.#~# ##~
#...#.##..~#######~#
#.#.#.####~~#)..#~~# #.#.#.#
#..('@).#~~#
#.#.#.###.~~#.g.#~~##########
#.#..).##.~#######~..)......#
#....#>)..~##~~~##~########.##
###....#.#~~~~~~~~~##### #...
#.....###.#..........#######
#.####.#...##.######........
#.#####.#.###.# #########
#[......#.# #.##########
#.####....# #.##.......# #.#
#.#### #.##.#####.#


You could see a gnoll.

Vanquished Creatures
  An ogre (D:4)
  A bullfrog (Sewer)
  A gnoll sergeant (D:4)
  A scorpion (D:4)
  A howler monkey (D:4)
  An orc priest (D:4)
  Crazy Yiuf (D:2)
  2 hounds (D:4)
  An orc wizard (D:3)
  7 adders
  3 gnolls (D:4)
  10 oozes (Sewer)
  A worm (D:3)
  A dart slug (D:1)
  11 leopard geckos
  8 orcs
  10 giant cockroaches
  6 goblins
  5 hobgoblins
  16 jackals
  11 ball pythons
  9 bats
  16 frilled lizards
  5 kobolds
  A leopard gecko skeleton (D:4)
  5 rats
135 creatures vanquished.

Notes
Turn   | Place    | Note
-------+----------+-------------------------------------------
     0 | D:1      | Kloppie the Troll Monk began the quest for the Orb.
     0 | D:1      | Reached XP level 1. HP: 22/22 MP: 0/0
   270 | D:1      | Reached XP level 2. HP: 28/29 MP: 1/1
   816 | D:2      | Reached XP level 3. HP: 37/37 MP: 2/2
   844 | D:2      | Found a white marble altar of Elyvilon.
  1118 | D:2      | Found a runed door.
  1264 | D:2      | Reached XP level 4. HP: 41/45 MP: 3/3
  1298 | D:2      | Noticed Crazy Yiuf
  1304 | D:2      | Killed Crazy Yiuf
  1349 | D:3      | Found a glowing drain.
  1395 | Sewer    | Entered a sewer
  1445 | Sewer    | Reached XP level 5. HP: 53/54 MP: 4/4
  1659 | Sewer    | Reached skill level 5 in Unarmed Combat
  1704 | Sewer    | Reached XP level 6. HP: 22/63 MP: 5/5
  1861 | D:3      | Found a burning altar of Makhleb.
  1942 | D:3      | Became a worshipper of Makhleb the Destroyer
  1942 | D:3      | Reached * piety under Makhleb
  1942 | D:3      | Reached ** piety under Makhleb
  2703 | D:4      | Reached skill level 5 in Fighting
  2721 | D:4      | Reached XP level 7. HP: 72/72 MP: 6/6
  2977 | D:4      | Reached *** piety under Makhleb
  3022 | D:4      | Slain by a gnoll

Skill      XL: |  1  2  3  4  5  6 |
---------------+-------------------+-----
Fighting       | 3 4 5 |  5.4
Unarmed Combat | 4 5 |  5.4
Dodging        | 3 |  3.8
Stealth        | |  1.0

Action                   |  1- 3 |  4- 6 |  7- 9 || total
-------------------------+-------+-------+-------++-------
Melee: Unarmed           |   128 |   236 |    26 ||   390
       Punch             |     1 |     4 |     1 ||     6
Invok: Minor Destruction |       |     1 |       ||     1
  Use: Potion            |       |     4 |     1 ||     5
       Scroll            |       |    10 |       ||    10
 Stab: Sleeping          |     2 |     5 |       ||     7
  Eat: Chunk             |    17 |    14 |     3 ||    34
Armor: Robe              |    63 |    90 |     6 ||   159
       Skin              |       |     2 |    61 ||    63
Dodge: Dodged            |   102 |   130 |    17 ||   249
